 Dungeon Crawl Stone Soup version 0.31-a0-744-gbc345e7fcb (webtiles) character file.

Game seed: 9340365191268013971

2377 Babbit the Geomancer (level 9, -7/47 HPs)
             Began as a Gargoyle Earth Elementalist on Sept 13, 2023.
             Was an Initiate of Vehumet.
             Shot with a sling bullet by Joseph (15 damage)
             ... on level 7 of the Dungeon.
             The game lasted 00:56:43 (7381 turns).

Babbit the Geomancer (Gargoyle Earth Elementalist)  Turns: 7381, Time: 00:56:44

Health: -7/47      AC: 11    Str: 13    XL:     9   Next: 45%
Magic:  20/20      EV: 11    Int: 19    God:    Vehumet [......]
Gold:   472        SH:  0    Dex: 10    Spells: 17/23 levels left

rFire   . . .        u - staff of cold
rCold   + . .        (no shield)
rNeg    + . .        E - +0 troll leather armour
rPois   ∞            (no helmet)
rElec   +            (no cloak)
rCorr   .            D - +0 pair of gloves
SInv    .            x - +0 pair of boots
Will    .....        m - amulet of regeneration
Stlth   ++           q - ring of flight
HPRegen 1.87/turn    (no ring)
MPRegen 0.17/turn

%: no passive effects
@: about to teleport, flying
A: sickness immunity, AC +6, negative energy resistance 1, electricity
resistance, torment resistance 1, petrification resistance
a: Renounce Religion


You were on level 7 of the Dungeon.
You worshipped Vehumet.
Vehumet was noncommittal.
You visited 2 branches of the dungeon, and saw 8 of its levels.
You also visited: Ossuary.

You collected 526 gold pieces.
You spent 54 gold pieces at shops.

Inventory:

Armour
 o - a +1 ring mail of cold resistance
 x - a +0 pair of boots (worn)
 C - the +1 ring mail "Lefe" {Harm Str-2 Int+5}
   (You found it on level 5 of the Dungeon)

   Str-2:     It affects your strength (-2).
   Int+5:     It affects your intelligence (+5).
   Harm:      It increases damage dealt and taken.
 D - a +0 pair of gloves (worn)
 E - a +0 troll leather armour (worn)
Magical Staves
 n - a staff of death
 u - a staff of cold (weapon)
Jewellery
 m - an amulet of regeneration (around neck)
 q - a ring of flight (left hand)
 r - an amulet of the acrobat
 w - an amulet of guardian spirit
 G - a ring of resist corrosion
Wands
 e - a wand of flame (34) (quivered)
Scrolls
 c - 2 scrolls of revelation
 g - a scroll of teleportation
 k - a scroll of enchant armour {unknown}
 l - a scroll of fog {unknown}
 p - a scroll of torment {unknown}
 y - a scroll of fear {unknown}
 F - a scroll of butterflies {unknown}
Potions
 a - a potion of might {unknown}
 b - a potion of magic
 d - 2 potions of degeneration {unknown}
 f - 4 potions of curing
 h - 2 potions of haste {unknown}
 i - 3 potions of enlightenment
 j - 8 potions of heal wounds
 s - a potion of mutation {unknown}
 t - a potion of resistance {unknown}
 v - a potion of cancellation {unknown}
 z - a potion of brilliance {unknown}
 A - a potion of ambrosia {unknown}
 B - a potion of lignification {unknown}
 H - a potion of berserk rage {unknown}


   Skills:
 + Level 1.5 Fighting
 + Level 0.6 Armour
 + Level 2.1 Dodging
 + Level 3.8 Stealth
 + Level 1.0 Unarmed Combat
 + Level 7.9 Spellcasting
 + Level 2.8 Conjurations
 + Level 0.7 Transmutations
 + Level 9.9 Earth Magic
 + Level 0.3 Evocations


You had 17 spell levels left.
You knew the following spells:

 Your Spells              Type           Power      Damage    Failure   Level
a - Sandblast             Erth           90%        2d19      1%          1
b - Stone Arrow           Conj/Erth      62%        3d10      2%          3
c - Passwall              Tmut/Erth      22%        N/A       1%          2

Your spell library contained the following spells:

 Spells                   Type           Power      Damage    Failure   Level
 Momentum Strike          Conj/Tloc      24%        3d8       10%         2
 Petrify                  Tmut/Erth      27%        N/A       13%         4
 Blink                    Tloc           14%        N/A       19%         2
 Lesser Beckoning         Tloc           14%        N/A       19%         2
 Ozocubu's Armour         Ice            11%        N/A       34%         3
 Dispel Undead            Necr           7%         3d8       75%         4
 Metabolic Englaciation   Hex/Ice        5%         N/A       97%         5
 Death Channel            Necr           3%         N/A       100%        6
 Simulacrum               Ice/Necr       5%         N/A       100%        6
 Cigotuvi's Dreadful Rot  Necr/Pois/Air  Unusable   N/A       N/A         2

Dungeon Overview and Level Annotations

Branches:
Dungeon (7/15)             Temple (1/1) D:5         Ossuary (visited)

Altars:
Ashenzari
Cheibriados
Dithmenos
Fedhas
Gozag
Kikubaaqudgha
Makhleb
Nemelex Xobeh
Okawaru
Qazlal
Sif Muna
Uskayaw
Vehumet
Wu Jian
Xom
Yredelemnul
Zin
The Shining One

Shops:
D:5 (*(!

Annotations:
D:7 Joseph


Innate Abilities, Weirdness & Mutations

You are immune to sickness and miasma.
Your stone body is resilient. (AC +6)
You are immune to poison.
You resist negative energy. (rN+)
You are resistant to electric shocks. (rElec)
You are resistant to unholy torment.
You are immune to petrification.


Message History

Press: ? - help, Q - select action, (/) - cycle Shift-Dir - straight line, f - Joseph
Aim: Joseph, wielding a +0 quarterstaff, wearing a +0 ring mail and carrying a wand of flame (asleep, 100% to hit)
The puff of flame hits Joseph!
Joseph is lightly wounded.
Joseph unwields a +0 quarterstaff.
Joseph wields a +2 sling of flaming.
It bursts into flame!
Joseph shoots a sling bullet.
The sling bullet misses you.
Aiming: Throw Flame
Press: ? - help, Q - select action, (/) - cycle Shift-Dir - straight line, f/p - Joseph
Aim: Joseph, wielding a +2 sling of flaming, wearing a +0 ring mail and carrying a wand of flame (lightly wounded, 72% to hit)
The puff of flame hits Joseph.
Joseph is lightly wounded.
Joseph sighs, "Being a guard is usually so boring..."
Joseph zaps a wand.
The puff of flame hits you.
Aiming: Throw Flame
Press: ? - help, Q - select action, (/) - cycle Shift-Dir - straight line, f/p - Joseph
Aim: Joseph, wielding a +2 sling of flaming, wearing a +0 ring mail and carrying a wand of flame (lightly wounded, 72% to hit)
The puff of flame hits Joseph.
Joseph is lightly wounded.
Joseph shoots a sling bullet.
The sling bullet hits you! The sling bullet burns you.
Joseph shoots a sling bullet.
The sling bullet hits you. The sling bullet burns you.
You see here a scroll labelled ORIEPA KAYFE.
Aiming: Throw Flame
Press: ? - help, Q - select action, (/) - cycle Shift-Dir - straight line, f/p - Joseph
Aim: Joseph, wielding a +2 sling of flaming, wearing a +0 ring mail and carrying a wand of flame (lightly wounded, 72% to hit)
The puff of flame hits Joseph.
Joseph is moderately wounded.
Joseph shoots a sling bullet.
The sling bullet hits you! The sling bullet burns you.
* * * LOW HITPOINT WARNING * * *
As you read the scroll of teleportation, it crumbles to dust.
You feel strangely unstable.
Joseph shoots a sling bullet.
The sling bullet hits you.
* * * LOW HITPOINT WARNING * * *
The sling bullet burns you.
* * * LOW HITPOINT WARNING * * *
Joseph shoots a sling bullet.
The sling bullet hits you!
You die...

### ..#
###.######|#
.@.....?@..#
.....####..#####.#
##.#........†....#
#.####..####.>..
#.# #..........
###
#.#####.####...
#.. #.##....# #.#
#.##.#### #.#
#.##.#


You could see Joseph.

Vanquished Creatures
  A troll (D:6)
  Grinder (D:4)
  2 water moccasins
  2 sky beasts
  A black bear (D:5)
  An ogre (D:4)
  A centaur (D:5)
  A phantom (D:7)
  A scorpion (D:5)
  5 wights (D:6)
  6 hounds
  2 jellies
  2 sleepcaps (D:6)
  Natasha (thrice) (D:4)
  5 iguanas
  Terence (D:3)
  5 orc wizards
  A mummy (Ossuary)
  4 gnolls (D:2)
  9 adders
  3 worms
  5 dart slugs
  10 orcs
  6 ball pythons
  5 bats
  4 endoplasms
  7 giant cockroaches
  12 gnoll zombies (Ossuary)
  4 goblins
  6 hobgoblins
  6 jackals
  7 quokkas
  6 frilled lizards
  4 goblin simulacra (Ossuary)
  5 goblin zombies (Ossuary)
  7 hobgoblin zombies (Ossuary)
  9 kobolds
  2 kobold simulacra (Ossuary)
  3 kobold zombies (Ossuary)
  3 orc zombies (Ossuary)
  3 rats
  2 rat simulacra (Ossuary)
  4 spectral goblins (Ossuary)
  3 spectral kobolds (Ossuary)
  4 spectral rats (Ossuary)
184 creatures vanquished.

Notes
Turn   | Place    | Note
-------+----------+-------------------------------------------
     0 | D:1      | Babbit the Gargoyle Earth Elementalist began the quest for
                  | the Orb.
     0 | D:1      | Reached XP level 1. HP: 10/10 MP: 3/3
   169 | D:1      | Reached XP level 2. HP: 15/15 MP: 1/5
   260 | D:1      | Reached skill level 1 in Unarmed Combat
   814 | D:2      | Reached skill level 4 in Earth Magic
   814 | D:2      | Reached XP level 3. HP: 19/19 MP: 3/6
   924 | D:2      | You fall into a shaft and drop 2 floors!
   958 | D:4      | Noticed Natasha
   969 | D:4      | Killed Natasha
   970 | D:4      | Reached XP level 4. HP: 23/24 MP: 2/8
  1076 | D:4      | Found a sand-covered staircase.
  1149 | D:5      | Entered Level 5 of the Dungeon
  1214 | D:4      | Reached skill level 5 in Earth Magic
  1214 | D:4      | Reached XP level 5. HP: 24/28 MP: 4/10
  1292 | D:4      | Found a shadowy altar of Dithmenos.
  1319 | Ossuary  | Entered an ossuary
  2083 | D:4      | Reached XP level 6. HP: 27/32 MP: 1/12
  3437 | D:2      | Reached skill level 6 in Earth Magic
  3443 | D:2      | Reached XP level 7. HP: 31/37 MP: 6/14
  3453 | D:2      | Learned a level 3 spell: Stone Arrow
  3913 | D:3      | Noticed Terence
  3919 | D:3      | Killed Terence
  4406 | D:4      | Noticed Natasha
  4410 | D:4      | Killed Natasha
  4411 | D:4      | Reached skill level 5 in Spellcasting
  4487 | D:4      | Noticed Grinder
  4493 | D:4      | Killed Grinder
  4680 | D:4      | Noticed Natasha
  4683 | D:4      | Killed Natasha
  4684 | D:4      | Reached skill level 7 in Earth Magic
  5042 | D:5      | Reached XP level 8. HP: 10/42 MP: 10/17
  5193 | D:5      | Reached skill level 1 in Fighting
  5285 | D:5      | Identified the +1 ring mail "Lefe" {Harm Str-2 Int+5}
  5288 | D:5      | Found Tygix's General Store.
  5289 | D:5      | Found Noezanoc's Antique Weapon Shoppe.
  5299 | D:5      | Found Ysegeat's Antique Weapon Shoppe.
  5300 | D:5      | Found Raza's Distillery.
  5351 | D:5      | Bought a +0 pair of gloves for 54 gold pieces
  5435 | D:5      | Found a staircase to the Ecumenical Temple.
  5445 | Temple   | Entered the Ecumenical Temple
  5490 | Temple   | Became a worshipper of Vehumet
  5720 | D:5      | Reached skill level 8 in Earth Magic
  6080 | D:6      | Noticed a troll
  6087 | D:6      | Killed a troll
  6088 | D:6      | Reached skill level 1 in Conjurations
  6091 | D:6      | Reached skill level 9 in Earth Magic
  6091 | D:6      | Reached XP level 9. HP: 42/47 MP: 1/19
  6518 | D:6      | Found a burning altar of Makhleb.
  6575 | D:6      | Learned a level 2 spell: Passwall
  7374 | D:7      | Noticed Joseph
  7381 | D:7      | Shot with a sling bullet by Joseph

Illustrated notes

Levels and vault maps discovered:
D:1:      minmay_arrival_arboretum_small, layout_basic
D:2:      layout_basic, kennysheep_boxes
D:3:      layout_loops_cross, uniq_terence
D:4:      layout_basic, nicolae_dithmenos_the_darkroom,
          nicolae_ossuary_entry_false_entrances, minmay_misc_feat_pillars,
          uniq_natasha, uniq_grinder
D:5:      layout_basic, minmay_temple_entry_nine_rooms, minmay_shop_grid_forest
D:6:      layout_loops_ring, makhleb_heckhound_becter, hangedman_decor_riveting
D:7:      layout_loops_ring, mainiacjoe_overflow_cross_hatched, trog_book,
          minmay_small_thing, uniq_joseph
Temple:   kb_temple_of_zot

Skill      XL: |  1  2  3  4  5  6  7  8  9 |
---------------+----------------------------+-----
Unarmed Combat | 1 |  1.0
Earth Magic    | 4 5 6 7 9 |  9.9
Spellcasting   | 3 4 6 7 |  7.9
Stealth        | 3 |  3.8
Fighting       | 1 |  1.5
Dodging        | 2 |  2.1
Conjurations   | 1 2 |  2.8
Armour         | |  0.6
Transmutations | |  0.7
Evocations     | |  0.3

Action                     |  1- 3 |  4- 6 |  7- 9 || total
---------------------------+-------+-------+-------++-------
  Melee: Unarmed           |    32 |     5 |       ||    37
         Staff             |       |     2 |     1 ||     3
   Cast: Sandblast         |    44 |   163 |    68 ||   275
         Stone Arrow       |       |       |    50 ||    50
  Evoke: Wand              |       |     1 |     7 ||     8
    Use: Scroll            |       |     1 |     5 ||     6
         Potion            |       |     1 |     1 ||     2
 Armour: Robe              |    24 |    95 |    28 ||   147
         Troll leather arm |       |       |    10 ||    10
  Dodge: Dodged            |    32 |    77 |    29 ||   138

Table legend: (Time is in decaauts)
 A = Elapsed time spent in this place.
 B = Non-inter-level travel time spent in this place.
 C = Inter-level travel time spent in this place.
 D = Time resting spent in this place.
 E = Time spent auto-exploring this place.
 F = Levels seen in this place.
 G = Mean time per level.
                   A        B        C        D        E       F      G
               +--------+--------+--------+--------+--------+-----+--------+
         Total |   7516 |   7248 |    268 |   1769 |   3293 |   9 |  835.1 |
       Dungeon |   6706 |   6468 |    238 |   1467 |   3293 |   7 |  958.0 |
        Temple |     76 |     46 |     30 |      0 |      0 |   1 |   76.0 |
       Ossuary |    734 |    734 |      0 |    302 |      0 |   1 |  734.0 |
               +--------+--------+--------+--------+--------+-----+--------+

Top non-repeatable levels by time:
     D:4: 1668 daAuts
     D:2: 1200 daAuts
     D:6: 1116 daAuts
     D:5: 764 daAuts
     D:3: 739 daAuts
 Ossuary: 734 daAuts
     D:1: 721 daAuts
     D:7: 496 daAuts
  Temple: 76 daAuts
